[Event "MČR juniorů a juniorek v rapid šachu 2024"]
[Site "Hotel Fit Fun, Harrachov, Czech Republic"]
[Date "2024.09.21"]
[Round "5.31"]
[White "Krizan Jakub"]
[Black "Marxova Sarka"]
[Result "0-1"]
[TimeControl "20+5"]
[WhiteFideId "23717017"]
[BlackFideId "23701862"]
[WhiteElo "1000"]
[BlackElo "1684"]

1. e4 c5 2. Nf3 d6 3. Bc4 e6 4. Nc3 Nf6 5. O-O g6 6. e5 dxe5 7. Nxe5 Bg7 8. Bb5+ Nbd7 9. d3 a6 10.
Nxd7 Nxd7 11. Bc4 b5 12. Bb3 Bb7 13. Be3 Qc8 14. Qd2 Qc6 15. f3 Rd8 16. Rae1 Nf6 17. a4 c4 18. axb5 axb5 19.
Ba2 cxd3 20. cxd3 Ba6 21. b4 Qd6 22. Rd1 Qxb4 23. Ne4 Qxd2 24. Rxd2 Nd5 25. Bc5 Be5 26. d4 Bc7 27. Bxd5 Rxd5 28.
Nf6+ Kd8 29. Nxd5 exd5 30. Re1 Ba5 31. Ra2 Bxe1 32. Rxa6 Re8 33. Rd6+ Kc7 34. Rxd5 b4 35. Bd6+ Kc6 36.
Bf4 Kxd5 0-1



[ePGN "0.1;DGT LiveChess/2.2.6"]

[Event "MČR juniorů a juniorek v rapid šachu 2024"]
[Site "Hotel Fit Fun, Harrachov, Czech Republic"]
[Date "2024.09.21"]
[Round "5.32"]
[White "Vratil Tomas"]
[Black "Vondra Filip"]
[Result "1-0"]
[TimeControl "20+5"]
[WhiteFideId "23756870"]
[BlackFideId "23725176"]
[WhiteElo "1671"]
[BlackElo "1598"]

1. e4 d5 2. exd5 Nf6 3. Nc3 Nxd5 4. Bc4 Nb6 5. Bb3 Nc6 6. d3 g6 7. Bd2 Bg7 8.
Nf3 Bg4 9. h3 Bf5 10. O-O O-O 11.
Re1 Qd7 12. Qc1 Bxh3 13. gxh3 Qxh3 14. Nh2 Ne5 15. Re3 Qh4 16. Ne4 Bh6 17. Rg3 Bxd2 18. Qxd2 Kh8 19. Ng5 f5 20. Rh3 Qxh3 21. Nxh3 f4 22. Qc3 Nbd7 23. Ng4 Rf5 24. Nxe5 Nxe5 25. Be6 Rh5 26. Bg4 1-0



[ePGN "0.1;DGT LiveChess/2.2.6"]

[Event "MČR juniorů a juniorek v rapid šachu 2024"]
[Site "Hotel Fit Fun, Harrachov, Czech Republic"]
[Date "2024.09.21"]
[Round "5.33"]
[White "Horvath, Michal"]
[Black "Jun Rostislav"]
[Result "1-0"]
[TimeControl "20+5"]
[BlackFideId "23719524"]
[WhiteElo "1000"]
[BlackElo "1641"]

1. e4 c5 2. c3 Nc6 3. d4 cxd4 4.
cxd4 e6 5. Nf3 d6 6. Nc3 Nf6 7. Bg5 Be7 8. Bc4 O-O 9. O-O a6 10. Re1 b5 11. Bb3 Bb7 12. d5 exd5 13. exd5 Na5 14.
Bc2 Nc4 15. b3 Nb6 16. Qd3 g6 17. Qd4 Nbd7 18. Bh6 Re8 19. Ne4 Bxd5 20. Nxf6+ Nxf6 21. Be4 Bxe4 22. Rxe4 d5 23. Re3 Rc8 24.
Rae1 Qd6 25. g3 a5 26. Bg5 Kg7 27. h4 h6 28. Bf4 Qc6 29. Rxe7 Rxe7 30. Rxe7 Qc2 31. Bxh6+ Kxh6 32. Qxf6 Qd1+ 33.
Kg2 Qd3 34. Rxf7 b4 35. Qg5# 1-0



[ePGN "0.1;DGT LiveChess/2.2.6"]

[Event "MČR juniorů a juniorek v rapid šachu 2024"]
[Site "Hotel Fit Fun, Harrachov, Czech Republic"]
[Date "2024.09.21"]
[Round "5.34"]
[White "Dufkova Tereza"]
[Black "Macova Marketa"]
[Result "0-1"]
[TimeControl "20+5"]
[WhiteFideId "23744383"]
[BlackFideId "23715588"]
[WhiteElo "1601"]
[BlackElo "1587"]

1. e4 e5 2. Nf3 Nc6 3. d4 exd4 4. Nxd4 Nxd4 5. Qxd4 d6 6. Bc4 Bg4 7. O-O Qd7 8. Re1 Be7 9. Nc3 Bf6 10. Qd3 Ne7 11. Bf4 Ng6 12. Bg3 h5 13.
f3 Be6 14. Bxe6 Qxe6 15. Qb5+ Qd7 16. Qxb7 O-O 17. Rab1 Rfb8 18. Qd5 h4 19. Bf2 Nf4 20. Qd2 Ne6 21. e5 Bg5 22. Be3 Bxe3+ 23. Rxe3 Rb6 24. Rd3 Nc5 25. Nd5 Nxd3 26. Nxb6 axb6 27. Qxd3 Rxa2 28. exd6 Qxd6 29. Qc4 Ra8 30.
Qxh4 Qc5+ 31. Qf2 Qd6 32.
g4 Re8 33. Re1 Rd8 34. Kg2 Qb4 35. b3 Qd6 36. h4 Qc6 37. Kg3 Qd6+ 38. f4 Qb4 39. Qf3 Qd2 40. Re2 Qd6 41. Re3 Qc5 42.
Rd3 Re8 43. g5 Qxc2 44. Rc3 Qd2 45. Kg4 Qd7+ 46. Kh5 g6+ 47. Kh6 Qe7 0-1



[ePGN "0.1;DGT LiveChess/2.2.6"]

[Event "MČR juniorů a juniorek v rapid šachu 2024"]
[Site "Hotel Fit Fun, Harrachov, Czech Republic"]
[Date "2024.09.21"]
[Round "5.35"]
[White "Musil Tomas"]
[Black "Kopecka Libuse"]
[Result "1/2-1/2"]
[TimeControl "20+5"]
[WhiteFideId "23762888"]
[BlackFideId "23748826"]
[WhiteElo "1519"]
[BlackElo "1496"]

1. e4 c5 2. Nf3 Nc6 3. d4 cxd4 4. Nxd4 d6 5. Nxc6 bxc6 6. Nc3 g6 7. Bd3 Bg7 8. Bd2 Nf6 9. O-O O-O 10. Re1 Qb6 11. Na4 Qb7 12.
Bc3 Bd7 13. b3 c5 14. Nb2 Bc6 15. f3 a6 16. Re2 Qa7 17. Kh1 Bb5 18. Qe1 Rfe8 19. a4 Bc6 20. Rd1 Rad8 21. e5 Nd5 22.
Be4 Nxc3 23. Qxc3 Bxe5 24. Qd3 Bxe4 25. Rxe4 Bxb2 26. c3 Qb7 27. b4 cxb4 28. Rxb4 Qd7 29. Rxb2 Qxa4 30. Rb4 Qc6 31.
Rdb1 Rc8 32. c4 a5 33. Rb5 Qxc4 34. Qxc4 Rxc4 35. Rxa5 Rec8 36. g3 f6 37. Kg2 Rc2+ 38. Kh3 R8c7 39. Re1 Kf7 40. g4 R7c3 41.
Kg3 Rc7 42. h4 h6 43. h5 g5 44. Re4 R2c5 45. Raa4 d5 46. Red4 e5 47. Rd3 Ke6 48. Re3 d4 49. Rxd4 Rc3 50.
Re1 R3c4 51. Rd3 Rc3 52. Rd2 Rc2 53. Rdd1 R2c3 54. Ra1 R3c6 55. Ra4 Rc4 56. Ra6+ R4c6 57. Ra3 Rc3 58. Raa1 R3c6 59. Ra4 Rc4 1/2-1/2



[ePGN "0.1;DGT LiveChess/2.2.6"]

[Event "MČR juniorů a juniorek v rapid šachu 2024"]
[Site "Hotel Fit Fun, Harrachov, Czech Republic"]
[Date "2024.09.21"]
[Round "5.36"]
[White "Tichy Richard"]
[Black "Taborska Aneta"]
[Result "1/2-1/2"]
[TimeControl "20+5"]
[WhiteFideId "23727063"]
[BlackFideId "23733039"]
[WhiteElo "1698"]
[BlackElo "1582"]

1. Nf3 Nf6 2. d4 g6 3. c4 Bg7 4. g3 O-O 5. Bg2 d6 6. Nc3 Nbd7 7. O-O Re8 8. e4 c6 9. Bf4 e5 10. dxe5 dxe5 11. Bg5 Qb6 12. Na4 Qb4 13. b3 Nxe4 14. Bd2 Qe7 15. Re1 Nxd2 16. Qxd2 e4 17.
Ng5 Bxa1 18. Rxa1 Qf6 19. Re1 Re5 20. Nxe4 Qe7 21. Qh6 Nf6 22. Qf4 Nxe4 23. Rxe4 Rxe4 24. Bxe4 Be6 25. Nc3 Qb4 26.
Qd2 Re8 27. f3 Qc5+ 28. Kg2 f5 29. Bc2 Bf7 30. Nd1 Qe5 31. Kf2 Re6 32. Ne3 Rd6 33. Bd3 Qd4 34. Ke2 Be6 35. f4 Kg7 36.
h3 Kf6 37. a4 h6 38. a5 a6 39. b4 g5 40. c5 Rd8 41. fxg5+ hxg5 42. g4 f4 43. Nf5 Qe5+ 44. Kf3 Bd5+ 45. Kf2 Re8 46. b5 cxb5 47. h4 Be4 48. Bxe4 Qxe4 49. h5 Qe3+ 50. Nxe3 fxe3+ 51. Qxe3 Rxe3 52. Kxe3 Kg7 53. Ke4 b4 54. Kd4 Kf6 55. Kc4 Ke5 56. Kxb4 Kf4 57. c6 bxc6 58. Kc5 Kxg4 59. Kxc6 Kxh5 60. Kb6 g4 61. Kxa6 g3 62. Kb7 g2 63. a6 g1=Q 64.
a7 Qg7+ 65. Kb8 Qxa7+ 66. Kxa7 1/2-1/2



[ePGN "0.1;DGT LiveChess/2.2.6"]

[Event "MČR juniorů a juniorek v rapid šachu 2024"]
[Site "Hotel Fit Fun, Harrachov, Czech Republic"]
[Date "2024.09.21"]
[Round "5.4"]
[White "Mrazek Adam"]
[Black "Hak David"]
[Result "0-1"]
[TimeControl "20+5"]
[WhiteFideId "23725010"]
[BlackFideId "377007"]
[WhiteElo "1830"]
[BlackElo "2103"]

1. c4 g6 2. g3 Bg7 3. Bg2 c5 4. Nc3 Nc6 5. a3 d6 6. Nf3 a5 7. O-O e5 8. d3 Nge7 9. Ne1 Be6 10. Nd5 O-O 11. Bg5 f6 12.
Bd2 Rb8 13. Nc2 f5 14. Rb1 b5 15. b3 Bf7 16. Bg5 h6 17. Bxe7 Nxe7 18. Nxe7+ Qxe7 19. Ne3 Kh7 20. cxb5 Rxb5 21.
Nd5 Qa7 22. Nc3 Rbb8 23. Bd5 e4 24. Bxf7 Qxf7 25. Qc2 d5 26. Na4 Rbc8 27. dxe4 fxe4 28. e3 Qe7 29. Qd2 d4 30. Qxa5 dxe3 31.
fxe3 Qg5 32. Qd2 Bd4 33. Rbe1 Rxf1+ 34. Kxf1 Rf8+ 35. Kg2 Rf3 36. Nb6 Bxe3 37. Qd7+ Kg8 38. Qe8+ Kg7 39. Qd7+ Rf7 40. Qe6 Rf2+ 41. Kh1 Qh5 42. Qe7+ Rf7 43. Qxe4 Bd4 44. Nc4 Bc3 45. Rg1 Rf2 46. h4 Bd4 47. Nd6 Qf3+ 48. Qxf3 Rxf3 49.
Rc1 Rxb3 50. Ne4 Be3 51. Nxc5 Rb5 52. Re1 Bxc5 53. a4 Ra5 54. Ra1 Kf6 55. Kg2 Ke5 56. Kf3 Kd4 57. g4 Kc4 58. Kf4 Bd6 59. Kf3 Kb4 60. Ke4 Bg3 61. Rb1+ Kc3 62. Rc1+ Kd2 63. Rc4 Bxh4 64. Kf4 Bg5+ 65. Ke4 Ke2 66. Rc2+ Bd2 67. Rc4 Kf2 68. Rc2 Ke2 69. Ra2 h5 70. gxh5 gxh5 71. Kd4 h4 72. Ra1 h3 73.
Kc4 h2 74. Kb3 Rh5 75. Rh1 Kf2 76.
a5 Bxa5 0-1



[ePGN "0.1;DGT LiveChess/2.2.6"]

[Event "MČR juniorů a juniorek v rapid šachu 2024"]
[Site "Hotel Fit Fun, Harrachov, Czech Republic"]
[Date "2024.09.21"]
[Round "5.5"]
[White "Steinbauer Sebastian"]
[Black "Bartak Josef"]
[Result "1-0"]
[TimeControl "20+5"]
[WhiteFideId "399272"]
[BlackFideId "23712252"]
[WhiteElo "2062"]
[BlackElo "1902"]

1. e4 e5 2. Nf3 Nc6 3. Bc4 Nf6 4. Ng5 d5 5. exd5 Na5 6. Bb5+ Bd7 7. Qe2 Be7 8. Bxd7+ Qxd7 9. Qxe5 O-O 10. O-O Ng4 11. Qg3 Bd6 12.
f4 Bc5+ 13. Kh1 Rfe8 14. Nh3 Re7 15. Nc3 Rae8 16. b3 Qf5 17. Bb2 Bd4 18. Rac1 h5 19. Qf3 b5 20. Ba3 Rd7 21. Nxb5 Rxd5 22.
Nxc7 Red8 23. Nxd5 Rxd5 24. Bb4 Nc6 25. Bc3 Bb6 26. Rce1 f6 27. Qe2 1-0



[ePGN "0.1;DGT LiveChess/2.2.6"]

[Event "MČR juniorů a juniorek v rapid šachu 2024"]
[Site "Hotel Fit Fun, Harrachov, Czech Republic"]
[Date "2024.09.21"]
[Round "5.6"]
[White "Pejrimovska Viola Ruby"]
[Black "Vilimek Vit"]
[Result "1-0"]
[TimeControl "20+5"]
[WhiteFideId "23709529"]
[BlackFideId "23718218"]
[WhiteElo "1876"]
[BlackElo "2025"]

1. e4 e6 2. Nf3 b6 3. d4 Bb7 4. Bd3 Nf6 5. Qe2 d5 6. e5 Ne4 7. O-O Be7 8. c4 O-O 9. Nc3 Nxc3 10. bxc3 Ba6 11.
Qc2 h6 12. Ne1 Bxc4 13. Bxc4 dxc4 14. Qe4 Qd5 15. Qg4 Kh7 16. Nc2 c5 17. Ne3 Qc6 18. d5 Qb7 19. dxe6 fxe6 20. Qxe6 Qd7 21.
Qxc4 Nc6 22. e6 Qc7 23. Qe4+ Kh8 24. Nd5 Qd6 25. Bf4 Qd8 26. Rad1 Qc8 27. Rd3 Bf6 28. Rh3 Kg8 29. Bxh6 Qb7 30.
Bg5 g6 31. Qxg6+ Qg7 32. Nxf6+ Rxf6 33.
Rh8+ Kxh8 34. Bxf6 Rg8 35. Bxg7+ Rxg7 36. Qe8+ 1-0



[ePGN "0.1;DGT LiveChess/2.2.6"]

[Event "MČR juniorů a juniorek v rapid šachu 2024"]
[Site "Hotel Fit Fun, Harrachov, Czech Republic"]
[Date "2024.09.21"]
[Round "5.7"]
[White "Bezdek Tomas"]
[Black "Mikolas Petr"]
[Result "0-1"]
[TimeControl "20+5"]
[WhiteFideId "23733551"]
[BlackFideId "23713224"]
[WhiteElo "1973"]
[BlackElo "1892"]

1. d4 Nf6 2. c4 e6 3. g3 d5 4. Bg2 Be7 5. Nf3 O-O 6. O-O c6 7. Nc3 Nbd7 8. b3 b6 9. Nd2 Bb7 10. e4 dxe4 11.
Ndxe4 Nxe4 12. Nxe4 Nf6 13. Bb2 Rc8 14. Qe2 Qc7 15. Nxf6+ Bxf6 16. c5 bxc5 17. dxc5 Bxb2 18. Qxb2 Rcd8 19. b4 Ba6 20. Rfc1 Bd3 21. Rc3 Rd7 22. Qa3 Rfd8 23.
Bf3 e5 24. Re1 Rd4 25. Bg2 e4 26. f3 f5 27. Qb3+ Qf7 28. Qa4 Bb5 29. Qa5 Rd1 30. Rce3 R8d2 31. a4 Qa2 32. Bh3 Rxh2 0-1



[ePGN "0.1;DGT LiveChess/2.2.6"]

[Event "MČR juniorů a juniorek v rapid šachu 2024"]
[Site "Hotel Fit Fun, Harrachov, Czech Republic"]
[Date "2024.09.21"]
[Round "5.8"]
[White "Slaby Matej"]
[Black "Nespurek Jakub"]
[Result "1-0"]
[TimeControl "20+5"]
[WhiteFideId "23734876"]
[BlackFideId "391816"]
[WhiteElo "1948"]
[BlackElo "1817"]

1. Nf3 g6 2. d4 d6 3. e4 Bg7 4. Bd3 Nd7 5. O-O c5 6. c3 a6 7. Re1 b5 8. a4 b4 9. e5 dxe5 10.
dxe5 e6 11. Qe2 Ne7 12. Nbd2 Bb7 13. Ne4 O-O 14. Be3 c4 15. Bb1 Bd5 16. Bg5 Nxe5 17. Nxe5 Bxe5 18. Nf6+ Bxf6 19. Bxf6 Qd6 20. Qe3 Nf5 21. Bxf5 exf5 22.
Be7 Qc6 23. Bxf8 Rxf8 24. f3 b3 25. Rad1 Be6 26. a5 Qb5 27. Qh6 Qxa5 28. Rxe6 fxe6 29. Rd7 Qa1+ 30. Kf2 Qxb2+ 31. Kg3 f4+ 32. Kh3 Rf7 33. Rd8+ Rf8 34. Rxf8# 1-0



[ePGN "0.1;DGT LiveChess/2.2.6"]

[Event "MČR juniorů a juniorek v rapid šachu 2024"]
[Site "Hotel Fit Fun, Harrachov, Czech Republic"]
[Date "2024.09.21"]
[Round "5.9"]
[White "Housa Vojtech"]
[Black "Hozda Max"]
[Result "1/2-1/2"]
[TimeControl "20+5"]
[WhiteFideId "23736364"]
[BlackFideId "23725958"]
[WhiteElo "1691"]
[BlackElo "1939"]

1. e4 c6 2. d4 d5 3. exd5 cxd5 4. Bd3 Nc6 5. c3 Nf6 6. Nf3 Bg4 7. O-O e6 8. h3 Bh5 9. Bf4 Bd6 10.
Bxd6 Qxd6 11. Re1 O-O 12. Nbd2 Rab8 13. a4 a6 14. Qb1 Bg6 15. Ne5 Bxd3 16. Qxd3 Nd7 17. Ndf3 Ncxe5 18. Nxe5 b5 19.
axb5 axb5 20. b4 Rfc8 21. Ra5 Nxe5 22. Rxe5 Rc4 23. Re1 Qc6 24. Rea1 g6 25. R1a3 Rc8 26. Ra6 Qc7 27. Ra7 Qf4 28.
Ra8 Rxa8 29. Rxa8+ Kg7 30. Ra1 e5 31. dxe5 Qxe5 32. Rd1 h5 33. Qxd5 Qxc3 34. Qxb5 Rxb4 35. Qd5 1/2-1/2



[ePGN "0.1;DGT LiveChess/2.2.6"]

[Event "MČR juniorů a juniorek v rapid šachu 2024"]
[Site "Hotel Fit Fun, Harrachov, Czech Republic"]
[Date "2024.09.21"]
[Round "6.1"]
[White "Steinbauer Sebastian"]
[Black "Skypala Ondrej"]
[Result "0-1"]
[TimeControl "20+5"]
[WhiteFideId "399272"]
[BlackFideId "366285"]
[WhiteElo "2062"]
[BlackElo "2033"]

1. e4 e6 2. d4 d5 3.
exd5 exd5 4. Bd3 Bd6 5. c3 Ne7 6.
Nf3 Bg4 7. Bg5 f6 8. Bh4 Nbc6 9.
Nbd2 Qd7 10. Bg3 O-O-O 11. O-O h5 12.
b4 g5 13. Qa4 Bxg3 14. hxg3 h4 15. gxh4 gxh4 16. b5 Nb8 17. Qxa7 Rdg8 18. Kh2 Qd6+ 19. Kh1 Qf4 20. Be2 Nf5 21. Bd1 Ng3+ 22. Kg1 h3 23.
fxg3 Qxg3 24. Nh4 Rxh4 25. Bxg4+ Rhxg4 26. Rf2 h2+ 0-1



[ePGN "0.1;DGT LiveChess/2.2.6"]

[Event "MČR juniorů a juniorek v rapid šachu 2024"]
[Site "Hotel Fit Fun, Harrachov, Czech Republic"]
[Date "2024.09.21"]
[Round "6.10"]
[White "Nespurek Jakub"]
[Black "Stocek Martin"]
[Result "0-1"]
[TimeControl "20+5"]
[WhiteFideId "391816"]
[BlackFideId "380121"]
[WhiteElo "1817"]
[BlackElo "2021"]

1. e4 c6 2. d4 d5 3. f3 e6 4. Nc3 Nf6 5. e5 Nfd7 6.
f4 c5 7.
Nf3 Nc6 8. Be3 Ne7 9. g4 Nc6 10. Bb5 a6 11. Bxc6 bxc6 12. dxc5 Nxc5 13. Nd4 Qc7 14. Nf3 Nd7 15. Bf2 Rb8 16.
O-O Be7 17. f5 Rxb2 18. Bg3 Rb4 19. fxe6 fxe6 20. Nd4 Rxd4 21. Qf3 Rf8 22. Qe2 Rc4 23. Rxf8+ Nxf8 24. Qf3 Bc5+ 25. Kg2 Qf7 26.
Qd3 Bd4 27. Be1 Ng6 28. Bd2 Bxc3 29. Rf1 Rxg4+ 30. Kh1 Qb7 31. Bxc3 c5 32. Qf3 d4 0-1



[ePGN "0.1;DGT LiveChess/2.2.6"]

[Event "MČR juniorů a juniorek v rapid šachu 2024"]
[Site "Hotel Fit Fun, Harrachov, Czech Republic"]
[Date "2024.09.21"]
[Round "6.11"]
[White "Sadil Antonin"]
[Black "Juhanak Daniel"]
[Result "1/2-1/2"]
[TimeControl "20+5"]
[WhiteFideId "23735597"]
[BlackFideId "23718765"]
[WhiteElo "1784"]
[BlackElo "1982"]

1. e4 e6 2. d4 d5 3.
exd5 exd5 4. Bd3 Nf6 5. Nf3 c5 6.
dxc5 Bxc5 7. O-O O-O 8. Nc3 h6 9. h3 Nc6 10. a3 Re8 11. Re1 Rxe1+ 12. Qxe1 Be6 13. Bf4 Qe7 14. Rd1 Re8 15. Qd2 Qf8 16.
Ne5 Bd6 17. Nxc6 bxc6 18. Bxd6 Qxd6 19.
Re1 Rb8 20. Nd1 c5 21. b3 Rd8 22. a4 c4 23. Be2 cxb3 24. cxb3 Qb6 25. b4 Ne4 26. Qb2 Rb8 27. b5 Qa5 28.
Rf1 Nd2 29. Qe5 Rc8 30. Re1 Ne4 31. Kf1 Nd2+ 32. Kg1 Ne4 33. Kf1 Qxa4 34. Bd3 Qb3 35. Bxe4 dxe4 36. Kg1 Qd5 37. Qxd5 Bxd5 38.
Ne3 Be6 39. Ra1 Rc7 40. Ra6 Rb7 41. Kf1 Rxb5 42. Rxa7 Rb1+ 43. Ke2 Rb2+ 44. Ke1 Rb4 45. Ra6 g5 46. Ra5 Kg7 47. h4 Kg6 48. hxg5 hxg5 49. Ke2 Rb2+ 50. Ke1 Rb1+ 51. Ke2 Rb2+ 52. Ke1 f5 53. g3 Rb1+ 54. Ke2 Rb2+ 55. Ke1 Rb1+ 56. Ke2 Rb2+ 57. Ke1 Kf6 58. Nd5+ Bxd5 59. Rxd5 Ke6 60.
Ra5 Kf6 61. Rc5 Ra2 62. Rb5 Ke6 63.
Rc5 Kf6 64. Rb5 Kg6 65. Rc5 Ra3 66. Ke2 Ra2+ 67. Ke1 Ra1+ 68. Ke2 Ra2+ 69. Ke1 Ra3 70. Ke2 Rf3 71. Ra5 Kh5 72. Ra8 Kg4 73. Rh8 e3 74. fxe3 Rxg3 75. Kf2 Rf3+ 76.
Ke2 Rh3 77. Rf8 Rh2+ 78. Kf1 Ra2 79.
Rf7 f4 80. exf4 gxf4 81. Rb7 Kg3 82.
Rf7 Ra1+ 83. Ke2 Ra2+ 84. Kf1 Kf3 85. Kg1 Ra1+ 86.
Kh2 Rf1 87. Rf8 Rf2+ 88. Kg1 Rg2+ 89. Kf1 Rf2+ 90. Kg1 Rg2+ 91. Kf1 Rc2 92. Kg1 Rc1+ 93. Kh2 Rf1 94. Rf7 Ke2 95. Re7+ Kf2 96. Ra7 Re1 97. Ra2+ Re2 98. Ra1 f3 99. Kh3 Re1 100. Ra3 Re3 101.
Ra1 Re1 102. Ra3 Ke2 103. Ra2+ Ke3 104. Ra3+ Kf2 105. Ra2+ Kf1 106. Kg3 Re3 107. Rf2+ 1/2-1/2



[ePGN "0.1;DGT LiveChess/2.2.6"]

[Event "MČR juniorů a juniorek v rapid šachu 2024"]
[Site "Hotel Fit Fun, Harrachov, Czech Republic"]
[Date "2024.09.21"]
[Round "6.12"]
[White "Vyslysel Petr"]
[Black "Bezdek Tomas"]
[Result "0-1"]
[TimeControl "20+5"]
[WhiteFideId "23730277"]
[BlackFideId "23733551"]
[WhiteElo "1678"]
[BlackElo "1973"]

1. d4 e6 2. c4 Nf6 3. Nf3 b6 4. a3 Bb7 5. Nc3 d5 6. Bg5 h6 7. Bh4 Be7 8.
e3 Nbd7 9. cxd5 exd5 10. Bd3 Ne4 11. Bxe7 Qxe7 12. O-O O-O 13. Rc1 a6 14. Qb3 Qd6 15. Rfd1 Rac8 16. Nd2 Nxc3 17. Rxc3 c5 18. dxc5 Nxc5 19.
Qc2 d4 20. exd4 Qxd4 21. Nb3 Qg4 22. Bf1 Ne6 23. Rxc8 Rxc8 24. Qe2 Qg6 25. Qd3 Qf6 26. Rd2 Rd8 27. Qe3 Rxd2 28. Qxd2 Ng5 29.
Qd4 Qg6 30. Qd8+ Kh7 31. Bd3 f5 32. Kf1 Bxg2+ 33. Ke2 Qe6+ 34. Kd2 Be4 35. Nd4 Qe5 36. Nxf5 Bxf5 0-1



[ePGN "0.1;DGT LiveChess/2.2.6"]

[Event "MČR juniorů a juniorek v rapid šachu 2024"]
[Site "Hotel Fit Fun, Harrachov, Czech Republic"]
[Date "2024.09.21"]
[Round "6.13"]
[White "Garabik Marek"]
[Black "Sknouril Jakub"]
[Result "1-0"]
[TimeControl "20+5"]
[WhiteFideId "23717742"]
[BlackFideId "23731133"]
[WhiteElo "1933"]
[BlackElo "1806"]

1. e4 e5 2. Nf3 Nf6 3. Nxe5 d6 4. Nf3 Nxe4 5. d4 Be7 6. Bd3 Nf6 7. O-O O-O 8. Re1 Bg4 9. Bg5 Nc6 10. c3 h6 11. Bh4 Qd7 12. Nbd2 Rfe8 13.
Qc2 Nd5 14. Bxe7 Rxe7 15. Rxe7 Ncxe7 16. Re1 Nf4 17. Bf1 Neg6 18. h3 Bf5 19. Qb3 Qc6 20. Bb5 Bc2 21. Bxc6 Bxb3 22. Bxb7 Rb8 23. Nxb3 Rxb7 24. Re8+ Kh7 25. Ne1 c6 26. g3 Nxh3+ 27. Kg2 a5 28. Kxh3 a4 29.
Nc1 Rxb2 30. Re2 a3 31. Nc2 h5 32. Nxa3 Rb7 33. Nc4 d5 34. Ne5 Ne7 35. Nxf7 Ng6 36. Ne5 Rb1 37. Ncd3 Nxe5 38.
Nxe5 Rc1 39. Nxc6 Rxc3 40. Ne7 Rd3 41. Nxd5 Rxd4 42. Nf4 Rd6 43. Kg2 g6 44. Nh3 Ra6 45. Ng5+ Kg7 46. Nf3 Ra3 47. Rb2 Kf6 48. Nd2 Ra4 49.
Nb1 h4 50. a3 hxg3 51. fxg3 Ke5 52. Rb4 Ra7 53. a4 g5 54. Nd2 Rd7 55. Nc4+ Kf6 56. Rb6+ Kf5 57. Rb5+ Kf6 58. g4 Rd4 59. Rb6+ Ke7 60. Ne3 Rxa4 61. Kf3 Rf4+ 62. Kg3 Kf7 63.
Rb5 Re4 64. Kf3 Rf4+ 65. Kg3 Re4 66. Rf5+ Kg6 67. Kf3 Ra4 68.
Rb5 Rf4+ 69. Kg3 Re4 70. Rb3 Ra4 71. Nf5 Ra2 72. Rb6+ Kf7 73. Kf3 Ra4 74. Rb3 Kf6 75. Nd6 Rf4+ 76. Kg3 Ra4 77. Rf3+ Kg6 78. Nf5 Ra7 79. Nd6 Ra4 80.
Nb5 Rb4 81. Nc3 Rc4 82. Nd1 Rc6 83.
Nf2 Ra6 84. Nd3 Ra5 85. Nf2 Rb5 86. Ne4 Rb6 87. Nc3 Rd6 88. Ne2 Ra6 89. Nd4 Rb6 90.
Re3 Kf6 91. Nf3 Kg6 92. Ne5+ Kg7 93. Nd7 Rd6 94. Nc5 Rd5 95. Nd3 Ra5 96. Kf3 Ra4 97. Re4 Ra3 98. Ke3 Ra1 99. Kd4 Rf1 100. Ke5 Rf3 101. Nc5 Kg6 102.
Rd4 Re3+ 103. Ne4 Ra3 104. Rd6+ Kg7 105. Rc6 Ra5+ 106. Rc5 Ra4 107. Kf5 Ra1 108.
Kxg5 Rg1 109. Rc7+ Kg8 110. Nf6+ Kf8 111. Rc8+ Kf7 112. Rc7+ Kf8 113. Nd7+ Kg8 114. Ne5 Ra1 115. Kf5 Rf1+ 116. Kg6 Kf8 117. Rf7+ 1-0



[ePGN "0.1;DGT LiveChess/2.2.6"]

[Event "MČR juniorů a juniorek v rapid šachu 2024"]
[Site "Hotel Fit Fun, Harrachov, Czech Republic"]
[Date "2024.09.21"]
[Round "6.14"]
[White "Stejskal Michal"]
[Black "Nagyova Daniela"]
[Result "1/2-1/2"]
[TimeControl "20+5"]
[WhiteFideId "398195"]
[BlackFideId "390070"]
[WhiteElo "1926"]
[BlackElo "1787"]

1. e4 e5 2. Nf3 Nc6 3. c3 d5 4. Qa4 Bd7 5. exd5 Nd4 6. Qd1 Nxf3+ 7. Qxf3 Nf6 8. d3 Bd6 9. Bg5 c6 10. Bxf6 gxf6 11. dxc6 Bxc6 12. Qe3 f5 13. Nd2 f4 14.
Qe2 Qe7 15. O-O-O O-O-O 16. Ne4 Bc7 17. g4 fxg3 18. Bh3+ Kb8 19. hxg3 f5 20. Bxf5 Qf7 21. g4 Qxa2 22. Rxh7 Rxh7 23.
Bxh7 Rh8 24. Bf5 Qa1+ 25. Kd2 Qxb2+ 26. Ke3 Bb6+ 27. d4 exd4+ 28. cxd4 Qa3+ 29. Rd3 Qc1+ 30. Qd2 Qf1 31. Qe2 Rh3+ 32. f3 Qxe2+ 33. Kxe2 Bb5 34. g5 Bxd3+ 35. Ke3 Bxd4+ 36. Kxd4 Rxf3 37. g6 Bxe4 38.
Kxe4 Rg3 39. Kf4 Rg1 40.
Bg4 Rf1+ 41. Kg5 Rf8 42.
Be6 Rf1 43. g7 Rg1+ 44. Kf6 Kc7 45. g8=Q Rxg8 46. Bxg8 Kd6 47. Kf5 Kc5 48. Ke4 b5 49. Kd3 Kb4 50. Kc2 Ka3 51. Kb1 a5 52. Bf7 a4 53. Bg8 b4 54. Bf7 b3 55. Be6 Kb4 56. Bf7 a3 57.
Bxb3 Kxb3 58. Ka1 a2 1/2-1/2



[ePGN "0.1;DGT LiveChess/2.2.6"]

[Event "MČR juniorů a juniorek v rapid šachu 2024"]
[Site "Hotel Fit Fun, Harrachov, Czech Republic"]
[Date "2024.09.21"]
[Round "6.15"]
[White "Bartak Josef"]
[Black "Andrle Filip"]
[Result "1-0"]
[TimeControl "20+5"]
[WhiteFideId "23712252"]
[BlackFideId "23718749"]
[WhiteElo "1902"]
[BlackElo "1789"]

1. e4 d5 2. exd5 Qxd5 3.
Nc3 Qe5+ 4. Be2 Bg4 5. d4 Bxe2 6. Ngxe2 Qa5 7. O-O Nf6 8.
d5 c6 9.
Nf4 cxd5 10. Nfxd5 Nxd5 11. Nxd5 e6 12. Re1 Bd6 13. b4 Qd8 14. Bb2 Qg5 15. Nf6+ gxf6 16. Qxd6 Nc6 17. b5 Rg8 18.
g3 Rd8 19. Qc7 Nd4 20. Ba3 f5 21. Qxb7 Rd7 22. Qa8+ Qd8 23. Qxd8+ Rxd8 24. Red1 Nxb5 25. Bb4 Rg4 26. Rxd8+ Kxd8 27.
Rd1+ Kc8 28. c3 Rc4 29. Rd3 Nc7 30. Ba5 Nd5 31. Rd4 Rxd4 32. cxd4 Kb7 33. Bd2 Ka6 34. Kf1 Kb5 35. Ke2 Kc4 36. Be3 Nc3+ 37. Kf3 Nxa2 38. d5 Kxd5 39. Bxa7 Nc3 40. Kf4 f6 41. Bb6 Ne2+ 42.
Kf3 Nd4+ 43. Ke3 Nc6 44. Bc7 Ne5 45. Bd8 Ng4+ 46. Ke2 Ke5 47. h3 Nh6 48. f4+ Ke4 49. Bxf6 Nf7 50. Be7 Nh8 51.
Kf2 Ng6 52. Bd6 h5 53. Ke2 Nh8 54. Kf2 Ng6 55. Ke2 h4 56. gxh4 Nxf4+ 57. Kf2 Nh5 58. Bh2 f4 59. Kg2 Ke3 60.
Bg1+ Ke2 61. Bd4 f3 62. Kg1 e5 63.
Bf2 e4 64. Bd4 e3 65. Be5 f2+ 66. Kh2 f1=Q 67. Bf4 Qxf4 68. Kg2 Qg3 69. Kh1 Qxh3+ 70. Kg1 Qg4+ 71. Kh1 Kf2 72. Kh2 Qg2 1-0



[ePGN "0.1;DGT LiveChess/2.2.6"]

[Event "MČR juniorů a juniorek v rapid šachu 2024"]
[Site "Hotel Fit Fun, Harrachov, Czech Republic"]
[Date "2024.09.21"]
[Round "6.16"]
[White "Martinkovic Adam"]
[Black "Hrazdira Matyas Josef"]
[Result "1/2-1/2"]
[TimeControl "20+5"]
[WhiteFideId "23728019"]
[BlackFideId "23732954"]
[WhiteElo "1841"]
[BlackElo "1786"]

1. d4 Nf6 2. Nf3 d5 3. c4 e6 4. g3 Bb4+ 5. Bd2 Be7 6. Bg2 O-O 7. O-O c5 8. cxd5 exd5 9. Bc3 c4 10.
b3 b5 11. bxc4 bxc4 12. Ne5 Bb7 13. Nd2 Nc6 14. Rb1 Qc7 15. Nxc6 Bxc6 16. Qc2 Rfe8 17. Rfe1 Bf8 18. e4 dxe4 19.
Nxe4 Nxe4 20. Bxe4 Bxe4 21. Rxe4 Qc6 22. Ree1 g6 23. Ba1 Bg7 24. Rbd1 1/2-1/2



[ePGN "0.1;DGT LiveChess/2.2.6"]

[Event "MČR juniorů a juniorek v rapid šachu 2024"]
[Site "Hotel Fit Fun, Harrachov, Czech Republic"]
[Date "2024.09.21"]
[Round "6.17"]
[White "Rybacek Martin"]
[Black "Jun Robert"]
[Result "1-0"]
[TimeControl "20+5"]
[WhiteFideId "23739266"]
[BlackFideId "23709510"]
[WhiteElo "1831"]
[BlackElo "1681"]

1. Nf3 d5 2. g3 c5 3. Bg2 Nc6 4. d4 cxd4 5. Nxd4 Nf6 6. O-O e5 7. Nxc6 bxc6 8. c4 Bc5 9. Nc3 Bb7 10. cxd5 cxd5 11. Bg5 e4 12.
Rc1 O-O 13. Bxf6 gxf6 14. Nxe4 dxe4 15. Rxc5 Qxd1 16. Rxd1 Rfd8 17. Rdc1 Rd2 18. R5c2 Rad8 19. h4 Ba6 20. Bxe4 Bxe2 21. Kg2 R8d4 22. Rxd2 Rxd2 23. Rc2 Bd3 24.
Rxd2 Bxe4+ 25. f3 Bc6 26. Rd6 1-0



[ePGN "0.1;DGT LiveChess/2.2.6"]